 Dungeon Crawl Stone Soup version 0.31.0-12-g77e489cdc1 (webtiles) character file.

Game seed: 7140397481844493716

221860 mkat the Warrior (level 18, -12/256 HPs)
             Began as a Grey Draconian Berserker on Mar 1, 2024.
             Was an Elder of Trog.
             Mangled by a snapping turtle (22 damage)
             ... on level 4 of the Shoals on Mar 5, 2024.
             The game lasted 02:58:02 (38633 turns).

mkat the Warrior (Grey Draconian Berserker)        Turns: 38633, Time: 02:58:04

Health: -12/256    AC: 21    Str: 28    XL:     18   Next: 51%
Magic:  0/18       EV: 28    Int: 11    God:    Trog [****..]
Gold:   4404       SH:  0    Dex: 22    Spells: 17/17 levels left

rFire   . . .        a - +8 trident "Zagos" {chaos, rPois Will+ Int-2 Dex+5}
rCold   . . .        (no shield)
rNeg    . . .        (body armour unavailable)
rPois   +            D - +0 mask of the Dragon {Will+ Slay+3 SInv}
rElec   .            R - scarf "Xojofowi" {shadows, rPois Int+4 Dex+2}
rCorr   .            h - +2 pair of gloves
SInv    +            I - +2 pair of boots
Will    +++..        C - amulet of guardian spirit Stlth
                     s - +6 ring of strength
HPRegen 0.62/turn    v - +5 ring of evasion
MPRegen 0.16/turn

%: guardian spirit
@: berserking (expiring), mesmerised, slowed
A: AC +15, amphibious, unfitting armour, cold-blooded
}: 1/15 runes: gossamer
a: Renounce Religion, Berserk, Trog's Hand, Brothers in Arms


You were on level 4 of the Shoals.
You worshipped Trog.
Trog was greatly pleased with you.
You visited 5 branches of the dungeon, and saw 30 of its levels.
You also visited: Sewer and Volcano.

You collected 4967 gold pieces.
You spent 563 gold pieces at shops.

Inventory:

Hand Weapons
 a - the +8 trident "Zagos" (weapon) {chaos, rPois Will+ Int-2 Dex+5}
   (You found it on level 5 of the Lair of Beasts)

   Int-2:     It affects your intelligence (-2).
   Dex+5:     It affects your dexterity (+5).
   rPois:     It protects you from poison Will+: It increases your willpower.
 b - the +5 shortbow "Conservator" {drain, rPois Str+4}
   (You bought it in a shop on level 6 of the Dungeon)

   Str+4:     It affects your strength (+4).
   rPois:     It protects you from poison
 x - a +2 dagger of venom
Missiles
 l - 2 throwing nets
 o - 25 poisoned darts
 z - 30 boomerangs (quivered)
 P - 4 curare-tipped darts
Armour
 h - a +2 pair of gloves (worn)
 D - the +0 mask of the Dragon (worn) {Will+ Slay+3 SInv}
   (You found it on level 1 of the Shoals)

   Slay+3:    It affects your accuracy & damage with ranged weapons and melee
   (+3).
   Will+:     It increases your willpower.
   SInv:      It lets you see invisible.
 I - a +2 pair of boots (worn)
 R - the scarf "Xojofowi" (worn) {shadows, rPois Int+4 Dex+2}
   (You found it on level 4 of the Spider Nest)

   Int+4:     It affects your intelligence (+4).
   Dex+2:     It affects your dexterity (+2).
   rPois:     It protects you from poison
Jewellery
 c - a ring of ice
 f - a ring of protection from fire
 i - a ring of see invisible
 p - a ring of poison resistance
 s - a +6 ring of strength (left hand)
 v - a +5 ring of evasion (right hand)
 C - an amulet of guardian spirit (around neck)
 U - a ring of positive energy
Wands
 u - a wand of paralysis (24)
 A - a wand of flame (35)
 M - a wand of roots (13)
 Q - a wand of digging (9)
 S - a wand of mindburst (4)
Scrolls
 g - a scroll of teleportation
 m - 4 scrolls of fog
 q - 4 scrolls of fear
 r - a scroll of brand weapon
 t - 3 scrolls of revelation
 w - a scroll of silence
 y - 2 scrolls of poison
 B - 3 scrolls of enchant weapon
 F - 8 scrolls of identify
 G - a scroll of summoning
Potions
 d - 8 potions of might
 e - 6 potions of attraction
 j - 5 potions of haste
 k - 12 potions of curing
 E - a potion of enlightenment
 H - 2 potions of resistance
 J - 3 potions of lignification
 K - 2 potions of berserk rage
 L - a potion of invisibility
 O - 4 potions of ambrosia
 X - a potion of heal wounds
Miscellaneous
 n - a phial of floods
 V - a phantom mirror
 Z - a condenser vane


   Skills:
 + Level 17.6 Fighting
 + Level 5.5(6.1) Short Blades
 + Level 3.9(5.3) Long Blades
 + Level 16.8 Polearms
 + Level 12.1 Ranged Weapons
 + Level 9.4 Throwing
 + Level 14.3 Dodging
 + Level 10.8 Stealth
 + Level 3.4 Evocations
 + Level 3.0 Shapeshifting


You had 17 spell levels left.
You didn't know any spells.
Your spell library was empty.

Dungeon Overview and Level Annotations

Branches:
Dungeon (15/15)            Temple (0/1) D:7            Lair (5/5) D:11
 Shoals (4/4) Lair:3       Spider (4/4) Lair:2        Slime (0/5) Lair:4
    Orc (2/2) D:9             Elf (0/3) Orc:2        Vaults (0/5) D:14
 Depths (0/4) D:15          Sewer (visited)         Volcano (visited)

Altars:
Ashenzari
Cheibriados
Dithmenos
Fedhas
Gozag
Hepliaklqana
Kikubaaqudgha
Makhleb
Nemelex Xobeh
Okawaru
Qazlal
Trog
Wu Jian
Xom
Yredelemnul
Jiyva

Shops:
D:6 :(   Orc:2 :[:[*   Shoals:3 =

Annotations:
Shoals:1 2 transporters, exclusion: orange crystal statue


Innate Abilities, Weirdness & Mutations

Your dull iron-grey scales are very hard. (AC +15)
You are amphibious.
You cannot fit into any form of body armour.
You are cold-blooded and may be slowed by cold attacks.


Message History

You impale the merfolk impaler!!
The merfolk impaler appears confused.
You tail-slap the merfolk impaler.
You kill the merfolk impaler!
Trog accepts your kill.
You hear a splash. x2
The merfolk impaler hits you from afar with a +0 demon trident of freezing.
* * * LOW HITPOINT WARNING * * *
You feel as though you will be slow longer.
The merfolk impaler freezes you.
* * * LOW HITPOINT WARNING * * *
The snapping turtle closely misses you.
The merfolk impaler hits you with a +0 demon trident of freezing!!
* * * LOW HITPOINT WARNING * * *
You feel as though you will be slow longer.
The merfolk impaler freezes you.
* * * LOW HITPOINT WARNING * * *
The merfolk impaler hits you but does no damage.
The merfolk avatar chants its luring song.
The snapping turtle completely misses you.
The merfolk impaler completely misses you. x2
The snapping turtle misses you.
Things that are here:
a +0 quarterstaff; a merfolk corpse You miss the merfolk impaler.
The merfolk impaler hits you but does no damage.
The merfolk impaler completely misses you.
The merfolk avatar chants its luring song.
You impale the merfolk impaler!! You freeze the merfolk impaler.
Your tail-slap misses the merfolk impaler.
The merfolk impaler is moderately wounded.
The snapping turtle bites you from afar.
* * * LOW HITPOINT WARNING * * *
The merfolk impaler hits you with a +0 demon trident of freezing.
* * * LOW HITPOINT WARNING * * *
You feel as though you will be slow longer.
The merfolk impaler freezes you.
* * * LOW HITPOINT WARNING * * *
The merfolk impaler hits you but does no damage.
The snapping turtle bites you from afar!!
You die...

##~ ##~###~~ ....~~
#~~~≈~~~ ~~~~ ....~~
#~~#~#~## ~~~~. .....~
~≈~φ~mt# ~~~.. .....~
##~#~#mt##.~... #~....
#~~~m@))#......
#....###~###~)#~.....
#...)..#######.......
#...~≈.#.~####.~.....
#....~≈≈.......~~.....
##.~~~≈≈≈~~.~~~~~~....~
#..~~~~~~~......~~~...#
..~~~~~~P.......~~~...
.~~~~~~.........~~~.##


You could see a merfolk avatar (mesmerising), 2 merfolk impalers and 2 snapping
turtles.

Vanquished Creatures
  Arachne (Spider:4)
  2 krakens (Shoals:3)
  The ghost of Ruich the Stormcaller, an adept TeCj of Hepliaklqana (Shoals:1)
  Gastronok (Lair:2)
  Roxanne (Spider:4)
  2 emperor scorpions (Spider:4)
  A frost giant (Shoals:4)
  A ghost moth (Spider:4)
  An ironbound preserver (D:14)
  The ghost of Saint1 the Executioner, a journeyman MiFi of Gozag (Lair:5)
  3 broodmothers
  The ghost of tymior the Thaumaturge, a journeyman OnAE of Vehumet (Lair:3)
  7 merfolk impalers
  2 merfolk javelineers
  6 entropy weavers
  Josephine (D:15)
  4 ogre magi
  2 ice dragons (D:15)
  2 catoblepae
  6 hydras
  3 centaur warriors
  4 jorogumos
  A death knight (D:13)
  2 merfolk aquamancers
  3 radroaches
  4 merfolk avatars
  7 boulder beetles
  9 death scarabs
  19 two-headed ogres
  A hell hog (Volcano)
  A death yak (Shoals:3)
  A satyr (Shoals:2)
  2 tengu warriors
  A spriggan berserker (Lair:5)
  5 demonic crawlers
  8 skysharks
  14 pharaoh ants
  A spectral catoblepas (Lair:3)
  A fire crab (Volcano)
  6 sea snakes
  8 steelbarb worms
  7 skeletal warriors
  2 deep trolls (Orc:2)
  6 orb spiders
  3 sun moths
  4 harpies
  A spectral jorogumo (Spider:4)
  3 deep elf pyromancers
  An orc knight (Orc:2)
  Pikel (D:6)
  5 spectral wolf spiders
  3 wolf spider zombies
  26 wolf spiders
  22 ugly things
  6 fauns (Shoals:2)
  4 cyclopes
  9 manticores
  An orc sorcerer (Orc:1)
  An oklob plant (Lair:3)
  6 meliai
  3 moths of wrath
  4 elephants (Lair:5)
  3 merfolk sirens (Shoals:2)
  7 kobold blastminers
  5 black mambas
  2 water nymphs (Shoals:3)
  An eye of devastation (Spider:4)
  12 cane toads
  2 molten gargoyles (Volcano)
  4 torpor snails
  A gargoyle (D:10)
  Joseph (D:8)
  A cane toad (shapeshifter) (D:13)
  5 spectral redbacks (Spider:4)
  7 komodo dragons
  A freezing wraith (D:14)
  A redback zombie (Spider:4)
  Psyche (D:9)
  7 rime drakes
  15 trolls
  A polar bear (Lair:5)
  6 wind drakes
  2 spectral jumping spiders (Spider:4)
  3 spectral culicivoras (Spider:4)
  A spectral tarantella (Spider:4)
  4 wolf spider simulacra (Spider:1)
  12 tarantellas
  26 merfolk
  5 hornets
  19 blink frogs
  3 tarantella zombies (Spider:4)
  16 jumping spiders
  5 snapping turtles
  A glass eye (Shoals:2)
  22 slime creatures
  2 shadows
  A shapeshifter (D:13)
  27 culicivoras
  A spectral black mamba (Lair:3)
  7 spriggans (Lair:5)
  9 water elementals
  A vampire (D:13)
  Eustachio (D:6)
  7 wyverns
  4 fire bats (Volcano)
  41 yaks
  A warg (Orc:1)
  3 steam dragons
  12 wraiths
  6 basilisks
  A spectral komodo dragon (Lair:3)
  50 redbacks
  11 vampire mosquitoes
  A death yak simulacrum (Lair:3)
  A swamp worm (Spider:2)
  Duvessa (D:6)
  2 acid dragons
  8 water moccasins
  A hell hound (Volcano)
  A hydra simulacrum (Lair:3)
  A black bear (D:7)
  An ice beast (D:8)
  4 laughing skulls
  13 orc warriors
  3 sky beasts (D:15)
  21 wolves
  19 ogres
  2 phantoms
  13 centaurs
  4 lemures (D:6)
  8 kobold brigands
  15 bullfrogs
  3 scorpions (D:6)
  14 wights
  Dowan (D:6)
  13 killer bees
  6 electric eels
  3 bombardier beetles
  5 hounds
  7 lava snakes (Volcano)
  6 jellies
  11 orc priests
  4 gnoll boudas
  4 iguanas
  23 orc wizards
  5 sleepcaps
  Terence (D:3)
  10 adders
  20 gnolls
  8 river rats
  3 white imps
  2 ufetubi (D:6)
  9 ribbon worms
  6 dart slugs
  64 orcs
  9 ball pythons
  7 endoplasms
  2 giant cockroaches
  7 goblins
  5 hobgoblins
  5 quokkas
  5 bats
  3 frilled lizards
  22 kobolds
  14 rats
1078 creatures vanquished.

Vanquished Creatures (collateral kills)
  Polyphemus (Shoals:3)
  A ghost moth (Spider:4)
  A very ugly thing (D:15)
  A catoblepas (Shoals:3)
  2 death yaks (Shoals:3)
  A pharaoh ant (Spider:4)
  A steelbarb worm (Spider:4)
  3 spectral wolf spiders (Spider:1)
  A wolf spider zombie (Spider:1)
  4 harpies
  A wolf spider (Spider:1)
  A manticore (Lair:5)
  A black mamba (Lair:5)
  5 elephants (Lair:5)
  A merfolk (Shoals:3)
  2 wolf spider simulacra (Spider:1)
  A troll (Orc:2)
  A tarantella (Spider:4)
  A snapping turtle (Shoals:3)
  A jumping spider (Spider:4)
  2 yaks (D:12)
  2 orc warriors
  3 ogres
  A wolf (Lair:5)
  An orc priest (Orc:2)
  3 orcs
43 creatures vanquished.

Vanquished Creatures (others)
  A skyshark (Shoals:3)
  An orc knight (Orc:2)
  A redback zombie (Spider:1)
  A tarantella (Spider:4)
  A slime creature (D:13)
  A boulder beetle simulacrum (Lair:3)
  8 tentacles (Shoals:3)
14 creatures vanquished.

Grand Total: 1135 creatures vanquished

Notes
Turn   | Place    | Note
-------+----------+-------------------------------------------
     0 | D:1      | mkat the Draconian Berserker began the quest for the Orb.
     0 | D:1      | Reached XP level 1. HP: 19/19 MP: 1/1
    88 | D:1      | Reached XP level 2. HP: 26/26 MP: 2/2
   157 | D:1      | Found a faded altar of an unknown god.
   954 | D:2      | Reached ** piety under Trog
  1026 | D:2      | Reached XP level 3. HP: 33/33 MP: 3/3
  1705 | D:3      | Reached skill level 1 in Throwing
  1705 | D:3      | Reached XP level 4. HP: 36/40 MP: 4/4
  1713 | D:3      | Found a stormy altar of Qazlal.
  1754 | D:3      | Reached skill level 4 in Fighting
  1948 | D:3      | Noticed Terence
  1960 | D:3      | Killed Terence
  2073 | D:3      | Reached XP level 5. HP: 46/46 MP: 5/5
  2077 | D:3      | Reached skill level 1 in Stealth
  2329 | D:3      | Found an opulent altar of Gozag.
  2342 | D:3      | Found a blossoming altar of Fedhas.
  2345 | D:3      | Found a burning altar of Makhleb.
  2348 | D:3      | Found an ancient bone altar of Kikubaaqudgha.
  2523 | D:3      | Reached skill level 1 in Ranged Weapons
  2552 | D:3      | Reached skill level 1 in Short Blades
  2665 | D:4      | Reached *** piety under Trog
  2734 | D:4      | Noticed a phantom
  2750 | D:4      | Killed a phantom
  2751 | D:4      | Reached XP level 6. HP: 53/53 MP: 6/6
  3034 | D:5      | Entered Level 5 of the Dungeon
  3199 | D:5      | Your scales start taking on a dull iron-grey colour.
  3199 | D:5      | Reached XP level 7. HP: 60/60 MP: 7/7
  3831 | D:6      | Noticed Duvessa
  3833 | D:6      | Noticed Dowan
  3855 | D:6      | Killed Dowan
  3856 | D:6      | Reached skill level 5 in Fighting
  3857 | D:6      | Killed Duvessa
  3970 | D:6      | Found Medgh's Book Shoppe.
  4087 | D:6      | Noticed Eustachio
  4103 | D:6      | Killed Eustachio
  4104 | D:6      | Reached XP level 8. HP: 68/68 MP: 8/8
  4238 | D:6      | Found a glowing drain.
  4246 | Sewer    | Entered a sewer
  4312 | Sewer    | Reached **** piety under Trog
  5035 | D:6      | Reached skill level 1 in Evocations
  5080 | D:6      | Noticed Pikel
  5263 | D:6      | Killed Pikel
  5264 | D:6      | Reached skill level 6 in Fighting
  5264 | D:6      | Reached skill level 5 in Ranged Weapons
  5264 | D:6      | Reached skill level 5 in Dodging
  5264 | D:6      | Reached XP level 9. HP: 75/75 MP: 9/9
  5353 | D:6      | Found a basalt altar of Yredelemnul.
  5515 | D:6      | Found Bateixt's Antique Weapon Shoppe.
  5522 | D:6      | Bought a masterwork halberd for 225 gold pieces
  5522 | D:6      | Identified the +7 halberd "Xiaconkeph" {flame, rPois rF+}
                  | (You bought it in a shop on level 6 of the Dungeon)
  5522 | D:6      | Bought a warped shortbow for 200 gold pieces
  5522 | D:6      | Identified the +5 shortbow "Conservator" {drain, rPois
                  | Str+4} (You bought it in a shop on level 6 of the Dungeon)
  5587 | D:6      | Found a shimmering altar of Xom.
  5609 | D:6      | Found a hazy altar of Hepliaklqana.
  5611 | D:6      | Noticed a spectral ugly thing
  5795 | D:7      | Found a staircase to the Ecumenical Temple.
  5983 | D:7      | Reached skill level 1 in Polearms
  6274 | D:7      | Found a bloodstained altar of Trog.
  6283 | D:7      | Reached ***** piety under Trog
  6672 | D:8      | Found a snail-covered altar of Cheibriados.
  6699 | D:8      | Noticed Joseph
  6712 | D:8      | Killed Joseph
  6773 | D:8      | Found an ornate altar of the Wu Jian Council.
  6867 | D:8      | Reached XP level 10. HP: 84/84 MP: 10/10
  6936 | D:8      | Reached skill level 7 in Fighting
  6936 | D:8      | Reached skill level 5 in Polearms
  6936 | D:8      | Noticed a two-headed ogre
  6970 | D:8      | Identified the +9 spear "Ziheithrua" {flame, Int+3}
  7277 | D:8      | Identified the staff of the Spheres {Str+4 Earth}
  7386 | D:8      | Killed a two-headed ogre
  7443 | D:9      | Reached skill level 8 in Fighting
  7654 | D:9      | Found a sparkling altar of Nemelex Xobeh.
  7806 | D:9      | Reached XP level 11. HP: 95/95 MP: 11/11
  8030 | D:9      | Found a staircase to the Orcish Mines.
  8523 | D:9      | Noticed Psyche
  8538 | D:9      | Paralysed by Psyche for 4 turns
  8574 | D:9      | Killed Psyche
  8575 | D:9      | Reached skill level 5 in Stealth
  8677 | D:10     | Entered Level 10 of the Dungeon
  8691 | D:10     | Found a broken altar of Ashenzari.
  8946 | D:10     | Noticed a two-headed ogre
  8954 | D:10     | Killed a two-headed ogre
  9069 | D:10     | Found an iron altar of Okawaru.
  9273 | D:10     | Identified the +5 battleaxe "Ritibont" {flame, ^Fragile rC+
                  | rN++}
  9320 | D:10     | Found a shadowy altar of Dithmenos.
  9670 | D:11     | Reached skill level 9 in Fighting
  9782 | D:11     | Found a staircase to the Lair.
  9840 | D:11     | Noticed a two-headed ogre
  9849 | D:11     | Killed a two-headed ogre
 10063 | D:11     | Noticed a boulder beetle
 10076 | D:11     | Killed a boulder beetle
 10493 | D:12     | Noticed a boulder beetle
 10499 | D:12     | Killed a boulder beetle
 10603 | D:12     | Reached skill level 10 in Polearms
 10689 | D:12     | Noticed a cyan ugly thing
 10695 | D:12     | Killed a cyan ugly thing
 10696 | D:12     | Reached XP level 12. HP: 106/106 MP: 12/12
 11083 | D:12     | Noticed a boulder beetle
 11095 | D:12     | Killed a boulder beetle
 11096 | D:12     | Reached skill level 10 in Fighting
 11737 | Lair:1   | Entered Level 1 of the Lair of Beasts
 13142 | Lair:2   | Noticed Gastronok
 13158 | Lair:2   | Killed Gastronok
 13159 | Lair:2   | Reached skill level 11 in Fighting
 13159 | Lair:2   | Reached skill level 1 in Shapeshifting
 13435 | Lair:2   | Reached XP level 13. HP: 116/116 MP: 13/13
 14184 | Lair:2   | Reached skill level 5 in Short Blades
 14322 | Lair:2   | Found a hole to the Spider Nest.
 14762 | Lair:3   | Reached skill level 5 in Throwing
 14814 | Lair:3   | Found a staircase to the Shoals.
 14949 | Lair:3   | Found a runed translucent gate.
 14949 | Lair:3   | Found a runed translucent gate.
 14949 | Lair:3   | Found a runed translucent gate.
 14960 | Lair:3   | Noticed tymior's ghost (journeyman OnAE)
 15651 | Lair:3   | Killed tymior's ghost
 16321 | Lair:4   | Found a viscous altar of Jiyva.
 16322 | Lair:4   | Found a staircase to the Slime Pits.
 16797 | Lair:5   | Entered Level 5 of the Lair of Beasts
 16829 | Lair:5   | Reached skill level 12 in Fighting
 16855 | Lair:5   | Found a dark tunnel.
 16866 | Volcano  | Entered a volcano
 17259 | Volcano  | Found a bloodstained altar of Trog.
 17284 | Volcano  | Reached XP level 14. HP: 126/126 MP: 14/14
 18288 | Lair:5   | Identified the +8 trident "Zagos" {chaos, rPois Will+ Int-2
                  | Dex+5}
 18788 | Lair:5   | Found a transporter.
 18804 | Lair:5   | Found a transporter.
 18807 | Lair:5   | Noticed Saint1's ghost (journeyman MiFi)
 18844 | Lair:5   | Found a bloodstained altar of Trog.
 19063 | Lair:5   | HP: 5/127 [Saint1's ghost (7)]
 19075 | Lair:5   | Killed Saint1's ghost
 19372 | Orc:1    | Entered Level 1 of the Orcish Mines
 19910 | Orc:2    | Entered Level 2 of the Orcish Mines
 19940 | Orc:2    | Reached skill level 13 in Fighting
 19960 | Orc:1    | Reached skill level 10 in Dodging
 20160 | Orc:2    | Found a staircase to the Elven Halls.
 20413 | Orc:2    | Reached XP level 15. HP: 109/136 MP: 12/15
 20676 | Orc:2    | Found Camoph's Book Shoppe.
 20717 | Orc:2    | Found Afoschewn's Armour Boutique.
 20906 | Orc:2    | Found Juttax's Book Boutique.
 20911 | Orc:2    | Found Tenipt's Antique Armour Shoppe.
 20913 | Orc:2    | Bought a +0 pair of boots of flying for 138 gold pieces
 20920 | Orc:2    | Found Ussepe's Assorted Antiques.
 21017 | Orc:2    | Reached skill level 10 in Ranged Weapons
 22766 | D:14     | Reached skill level 14 in Fighting
 22870 | D:14     | Found a gate to the Vaults.
 23200 | D:14     | Reached skill level 15 in Polearms
 24114 | D:15     | Entered Level 15 of the Dungeon
 24632 | D:15     | Noticed Josephine
 24643 | D:15     | Killed Josephine
 24646 | D:15     | Received a gift from Trog
 24667 | D:15     | Reached XP level 16. HP: 83/147 MP: 8/16
 25396 | D:15     | Found a staircase to the Depths.
 26084 | Spider:1 | Entered Level 1 of the Spider Nest
 26298 | Spider:1 | Reached skill level 15 in Fighting
 29814 | Spider:3 | Reached XP level 17. HP: 149/149 MP: 10/17
 30429 | Spider:4 | Entered Level 4 of the Spider Nest
 30774 | Spider:4 | Noticed Roxanne
 30795 | Spider:4 | Killed Roxanne
 30796 | Spider:4 | Reached skill level 16 in Fighting
 31590 | Spider:4 | Noticed Arachne
 31965 | Spider:4 | Killed Arachne
 32889 | Spider:4 | Reached skill level 10 in Stealth
 33829 | Spider:4 | Identified the scarf "Xojofowi" {shadows, rPois Int+4
                  | Dex+2}
 33846 | Spider:4 | Got a gossamer rune of Zot
 34092 | Shoals:1 | Entered Level 1 of the Shoals
 34466 | Shoals:1 | Found a transporter.
 34538 | Shoals:1 | Received a gift from Trog
 34543 | Shoals:1 | Found a runed translucent door.
 34545 | Shoals:1 | Noticed Ruich's ghost (adept TeCj)
 34611 | Shoals:1 | Found the +0 mask of the Dragon {Will+ Slay+3 SInv}
 34613 | Shoals:1 | Found a transporter.
 35079 | Shoals:1 | Killed Ruich's ghost
 35276 | Shoals:2 | Reached XP level 18. HP: 83/168 MP: 9/18
 35278 | Shoals:2 | Reached skill level 17 in Fighting
 35539 | Shoals:2 | Identified the +9 long sword of the Unstoppable Towns
                  | {venom, rC+ Will- Dex+5}
 37372 | Shoals:3 | Noticed Polyphemus
 37395 | Shoals:3 | Killed Polyphemus
 37574 | Shoals:3 | Found Vazxied's One-of-a-Kind Rings.
 38331 | Shoals:4 | Entered Level 4 of the Shoals
 38633 | Shoals:4 | HP: 12/256 [merfolk impaler/+0 demon trident of freezing
                  | (4)]
 38633 | Shoals:4 | Mangled by a snapping turtle

Illustrated notes

Levels and vault maps discovered:
D:1:      minmay_arrival_loop, layout_basic,
          shapermc_ecumenical_altar_mp_ritualfount
D:2:      layout_basic, kennysheep_generic_room_15
D:3:      layout_loops_ring, grunt_qazlal_clouds,
          grunt_temple_overflow_cloverleaf, minmay_misc_feat_rows,
          minmay_fractal_squares_gapless_5, uniq_terence
D:4:      layout_gridville
D:5:      layout_loops_cross
D:6:      layout_loops_ring, regret_index_temple_of_mockery,
          mainiacjoe_overflow_surrounded_room, serial_shops, shop,
          nicolae_shop_peninsula, lightli_sewer_entry_pipes,
          hangedman_decor_points, minivault_27, uniq_eustachio, uniq_duvessa,
          uniq_pikel
D:7:      layout_gridville, trog_antimagical,
          minmay_temple_entry_statues_pillars
D:8:      minmay_slanted_spiral_squares, layout_rooms, kennysheep_slug_shrine,
          pdpol_wu_jian_five_deadly_venoms, uniq_joseph
D:9:      layout_grid_maze, mainiacjoe_overflow_24_doors, enter_bailey_1,
          uniq_psyche
D:10:     layout_basic, hellmonk_okawaru_the_only_friend_you_need,
          nicolae_dithmenos_through_a_glass_darkly,
          ashenzari_conservatory_becter
D:11:     layout_irregular_city, erik_lair_island
D:12:     layout_rooms, nicolae_hexahallways, dreamdust_princess_bridge
D:13:     layout_cave_pools, nicolae_letterblocks [nicolae_letter_subblock,
          nicolae_letter_subblock, nicolae_letter_subblock,
          nicolae_letter_subblock, nicolae_letter_subblock,
          nicolae_letter_subblock, nicolae_letter_subblock,
          nicolae_letter_subblock, nicolae_letter_subblock,
          nicolae_letter_subblock, nicolae_letter_subblock,
          nicolae_letter_subblock, nicolae_letter_subblock,
          nicolae_letter_subblock, nicolae_letter_subblock,
          nicolae_letter_subblock, nicolae_letter_subblock,
          nicolae_letter_subblock, nicolae_letter_subblock,
          nicolae_letter_subblock, nicolae_letter_subblock,
          nicolae_letter_subblock, nicolae_letter_subblock,
          nicolae_letter_subblock, nicolae_letter_subblock]
D:14:     layout_cave_pods, hellmonk_vaults_order_and_chaos,
          hangedman_decor_growths, minmay_misc_feat_alley
D:15:     grunt_enter_depths_hoard, layout_layer_cave, serial_bayou_pond_d,
          dreamdust_looks_like_rain, uniq_josephine
Lair:1:   layout_concentric_octagons, gauntlet_entry_generic
Lair:2:   layout_long_grid, hellmonk_spider_entry_life_and_decay, uniq_gastronok
Lair:3:   layout_chaotic_city, shoals_dummy_entry, gammafunk_ghost_necromancy,
          minmay_lair_oklob_bushes, grunt_megastairs_4
Lair:4:   layout_gridlike, minmay_slime_entry_pillars
Lair:5:   gammafunk_lair_ancient_temple, layout_regular_city, enter_volcano_2,
          gammafunk_ghost_wrathful_warriors, lookout_lair_type
Shoals:1: gammafunk_sealed_arena, layout_shoals, ebering_ghost_inner_flame
Shoals:2: layout_shoals, abandoned_shop, nicolae_shoals_isolated_beach
Shoals:3: layout_shoals, nicolae_shop_unique_rings, uniq_polyphemus
Shoals:4: shoals_end_grunt_ice, layout_shoals, hangedman_feature_mirror,
          nicolae_shoals_circle_sea_wall
Spider:1: layout_cave_pods, nicolae_spider_undead_wolf_pack
Spider:2: layout_spider_delve, guppyfry_spider_mini_1
Spider:3: layout_spider_delve
Spider:4: floodkiller_spider_rune_tomb, uniq_arachne, uniq_roxanne
Orc:1:    layout_caves, minmay_orc_keep
Orc:2:    st_orc_open, layout_caves, serial_shops, shop

Skill      XL: |  1  2  3  4  5  6  7  8  9 10 11 12 13 14 15 16 17 18 |
---------------+-------------------------------------------------------+-----
Throwing       | 1 2 3 4 5 6 7 8 9 |  9.4
Fighting       | 4 5 6 8 9 11 12 13 14 15 16 17 | 17.6
Dodging        | 3 5 6 7 8 9 10 11 12 13 14 | 14.3
Stealth        | 1 2 4 5 6 7 8 9 10 | 10.8
Ranged Weapons | 2 3 4 5 6 7 8 9 10 11 12 | 12.1
Short Blades   | 1 2 3 4 5 |  5.5
Evocations     | 1 3 |  3.4
Polearms       | 4 7 10 12 13 14 15 16 | 16.8
Shapeshifting  | 1 3 |  3.0
Long Blades    | |  3.9

Action                     |  1- 3 |  4- 6 |  7- 9 | 10-12 | 13-15 | 16-18 || total
---------------------------+-------+-------+-------+-------+-------+-------++-------
  Melee: Falchion          |    30 |       |       |       |       |       ||    30
         Tailslap          |     4 |    18 |    54 |    68 |   231 |   295 ||   670
         Punch             |     1 |       |     6 |       |    14 |    16 ||    37
         Dagger            |    34 |    91 |   257 |       |    71 |     4 ||   457
         Halberd           |       |       |    71 |   508 |   380 |       ||   959
         Trident           |       |       |       |       |   759 |  1465 ||  2224
   Fire: Hand cannon       |     4 |    37 |    43 |       |     5 |       ||    89
         Shortbow          |       |       |    20 |    93 |   279 |   244 ||   636
  Throw: Dart              |    32 |    13 |    15 |    62 |   154 |    74 ||   350
         Stone             |     9 |       |       |       |       |       ||     9
         Boomerang         |       |       |       |     2 |       |   118 ||   120
         Throwing net      |       |       |       |     1 |       |       ||     1
 Invoke: Berserk           |     1 |     2 |    12 |    23 |    38 |    35 ||   111
         Trog's Hand       |       |       |     1 |     6 |     4 |     5 ||    16
         Brothers in Arms  |       |       |       |     1 |     8 |     8 ||    17
  Evoke: Wand              |       |       |    38 |       |       |       ||    38
    Use: Scroll            |     5 |    11 |     4 |     6 |    11 |    12 ||    49
         Potion            |     1 |       |       |       |     7 |     9 ||    17
   Stab: Sleeping          |     1 |     3 |    10 |    18 |    14 |    31 ||    77
         Distracted        |       |       |     1 |       |     1 |     1 ||     3
         Invisible         |       |       |       |       |     3 |       ||     3
         Confused          |       |       |       |       |     4 |    14 ||    18
         Petrifying        |       |       |       |       |     2 |     6 ||     8
         Paralysed         |       |       |       |       |     1 |     9 ||    10
         Petrified         |       |       |       |       |     1 |     7 ||     8
         Held in net/web   |       |       |       |       |       |     1 ||     1
 Armour: Skin              |    30 |    50 |   166 |   429 |   622 |   868 ||  2165
  Dodge: Dodged            |    30 |    44 |   209 |   460 |  1083 |  1978 ||  3804
         Repelled          |       |       |       |       |    14 |    10 ||    24
  Block: Buckler           |       |       |       |       |     2 |       ||     2
   Form: Beast             |       |       |       |     1 |       |       ||     1
                           |       |       |       |       |     1 |       ||     1
